Map: Одиссея РВ

Players

Murena

  • Race: Terran Terran
  • Spawn Location: 5:00

ИИ 1 (эксперт) - Winner!

  • Race: Protoss Protoss
  • Spawn Location: 11:00

VOD

Have the link to the VOD?

Description

Time

  • Played on: April 16, 2019, 6:18 a.m.
  • Length: 6:38
Show
View Real Time Build Order
Export as new Build Order

Murena Terran 

Build Orders:  

Get SALT Encoding   

  12  0:01  SCV  
  13  0:13  Refinery  
  13  0:16  SCV  
  14  0:28  Supply Depot  
  14  0:30  SCV  
  15  0:50  Barracks  
  15  0:53  SCV  
  16  1:06  Barracks  
  16  1:09  SCV  
  17  1:21  SCV  
  18  1:27  Supply Depot  
  18  1:33  SCV  
  18  1:37  Marine  
  20  1:47  Factory  
  20  1:49  SCV  
  20  1:53  Marine  
  22  1:56  Marine  
  23  2:07  Orbital Command  
  23  2:11  Marine  
  24  2:16  Marine  
  25  2:29  Marine  
  26  2:32  Starport  
  26  2:33  SCV  
  26  2:35  Marine  
  28  2:44  Supply Depot  
  28  2:48  Marine, SCV  
  30  2:52  Refinery  
  30  2:54  Marine  
  31  3:06  Barracks Tech Lab  
  31  3:08  SCV  
  31  3:09  Starport Reactor  
  31  3:12  Barracks Tech Lab  
  32  3:20  Supply Depot  
  32  3:25  Barracks  
  32  3:26  SCV  
  33  3:29  Marauder  
  33  3:33  Marauder  
  37  3:45  Medivac  
  37  3:46  Medivac  
  41  3:52  Marauder  
  43  4:02  Combat Shield  
  43  4:08  Marauder  
  45  4:11  Supply Depot  
  45  4:12  SCV  
  45  4:14  Marine  
  47  4:25  Engineering Bay, Concussive Shells  
  47  4:35  Barracks Reactor  
  47  4:39  Marauder  
  47  4:40  SCV, Marauder  
  52  4:47  Supply Depot  
  52  4:55  Missile Turret  
  52  4:56  SCV  
  52  4:59  Medivac  
  55  5:05  Supply Depot  
Show
View Real Time Build Order
Export as new Build Order

ИИ 1 (эксперт) Protoss - Winner!

Build Orders:  

Get SALT Encoding   

  12  0:00  Probe  
  13  0:13  Probe  
  14  0:19  Pylon  
  14  0:25  Probe  
  15  0:33  Probe  
  15  0:40  Gateway  
  15  0:41  Probe  
  16  0:48  Assimilator  
  17  0:51  Probe  
  18  1:00  Probe  
  18  1:01  Pylon  
  19  1:08  Probe  
  19  1:18  Probe  
  21  1:28  Zealot  
  21  1:29  Cybernetics Core  
  23  1:38  Probe, Gateway  
  24  1:48  Pylon  
  24  1:50  Zealot  
  24  1:51  Probe  
  27  2:02  Assimilator  
  27  2:07  Probe, Warp Gate  
  28  2:13  Adept  
  28  2:19  Probe  
  31  2:24  Adept  
  33  2:34  Robotics Facility  
  33  2:36  Probe  
  34  2:42  Adept  
  36  2:54  Adept  
  36  2:57  Pylon  
  36  2:58  Probe  
  39  3:07  Adept  
  41  3:23  Immortal  
  41  3:25  Sentry  
  47  3:30  Pylon  
  47  3:53  Pylon  
  47  3:55  Stalker, Immortal  
  49  3:58  Stalker  
  55  4:15  Pylon  
  55  4:18  Adept  
  57  4:28  Gateway  
  57  4:36  Gateway  
  57  4:40  Adept  
  59  4:46  Adept  
  61  5:00  Adept  
  61  5:06  Stalker  
  65  5:20  Zealot  
  67  5:22  Adept  
  69  5:29  Stalker  
  69  5:32  Pylon  
  71  5:49  Forge  
  71  5:50  Stalker  
  72  6:11  Nexus  
  70  6:22  Zealot  
Tags
 
Add a new tag
Caveats
  • Supply blocks, unpowered buildings, or Contaminate may cause inaccurate times.
  • Supply counts are checked every 10 seconds.